TOP OF THE 1ST |
Cincinnati Pride batting - Pitching for Minnesota Death Stars : RHP Ángel Uribe
|
Pitching: RHP Ángel Uribe
|
|
Batting: RHB Larry Booth
|
0-0: Called Strike 0-1: Swinging Strike 0-2: Strikes out swinging
|
Batting: SHB Rafael Villa
|
0-0: Ball 1-0: SINGLE (Line Drive, 6D)
|
Batting: RHB Michael Skinner
|
0-0: Ball 1-0: Ball 2-0: SINGLE (Groundball, 6M) Rafael Villa to second
|
Batting: RHB Roberto Chávez
|
0-0: Ball 1-0: Called Strike 1-1: SINGLE (Groundball, 6MD) (infield hit) Rafael Villa to third Michael Skinner to second
|
Batting: RHB Randy Simons
|
0-0: Called Strike 0-1: Called Strike 0-2: Ball 1-2: Ball 2-2: Ball 3-2: Foul Ball, location: 2F 3-2: Fly out, F1 (Line Drive, 13) 3-2: Fly out, F1 (Line Drive, 13)
|
Batting: RHB Gabriel Villegas
|
0-0: Swinging Strike 0-1: Ball 1-1: Foul Ball, location: 2F 1-2: Ball 2-2: Ball 3-2: Foul Ball, location: 2F 3-2: SINGLE (Groundball, 56) Rafael Villa scores Michael Skinner to third Roberto Chávez to second Michael Skinner scores Roberto Chávez to third
|
Batting: LHB Marvin Morris
|
0-0: Called Strike 0-1: DOUBLE (Flyball, 78D) Roberto Chávez scores Gabriel Villegas to third
|
Batting: RHB Wilson Flores
|
0-0: DOUBLE (Line Drive, 8LM) Gabriel Villegas scores Marvin Morris scores
|
Batting: RHB Norris Howard
|
0-0: Called Strike 0-1: Foul Ball, location: 2F 0-2: DOUBLE (Line Drive, 7LS) Wilson Flores scores
|
Batting: RHB Larry Booth
|
0-0: Ball 1-0: Ball 2-0: Ball 3-0: Base on Balls
|
Batting: SHB Rafael Villa
|
0-0: Ball 1-0: Fly out, F7 (Flyball, 7LS)
|
Top of the 1st over - 6 run(s), 7 hit(s), 0 error(s), 2 left on base; Cincinnati 6 - Minnesota 0 |
BOTTOM OF THE 1ST |
Minnesota Death Stars batting - Pitching for Cincinnati Pride : RHP Jesús Martínez
|
Pitching: RHP Jesús Martínez
|
|
Batting: RHB José Pérez
|
0-0: Foul Ball, location: 2F 0-1: Ball 1-1: Ground out 6-3 (Groundball, 6)
|
Batting: RHB Peter Dixon
|
0-0: Ball 1-0: Ball 2-0: Ball 3-0: Base on Balls
|
Batting: LHB Chris Loudermilk
|
0-0: SINGLE (Groundball, 4MD) Peter Dixon to second Runner from 2nd tries for 3rd, SAFE, no throw or cutoff
|
Batting: RHB Herb Ashley
|
0-0: Ball 1-0: Ball 2-0: Foul Ball, location: 2F 2-1: Ball 3-1: Foul Ball, location: 2F 3-2: Foul Ball, location: 2F 3-2: Base on Balls Chris Loudermilk to second
|
Batting: RHB Jorge Martínez
|
0-0: Foul Ball, location: 2F 0-1: Foul Ball, location: 2F 0-2: Strikes out swinging
|
Batting: LHB Sixto Cortés
|
0-0: Ball 1-0: Ball 2-0: Called Strike 2-1: Ball 3-1: Base on Balls Peter Dixon scores Chris Loudermilk to third Herb Ashley to second
|
Batting: LHB Lucas Coleman
|
0-0: Called Strike 0-1: Ball 1-1: Called Strike 1-2: Strikes out swinging
|
Bottom of the 1st over - 1 run(s), 1 hit(s), 0 error(s), 3 left on base; Cincinnati 6 - Minnesota 1 |
TOP OF THE 2ND |
Cincinnati Pride batting - Pitching for Minnesota Death Stars : RHP Ángel Uribe
|
Batting: RHB Michael Skinner
|
0-0: Called Strike 0-1: Ball 1-1: Ball 2-1: Foul Ball, location: 2F 2-2: Foul Ball, location: 2F 2-2: Ball 3-2: Foul Ball, location: 2F 3-2: DOUBLE (Flyball, 8RXD)
|
Batting: RHB Roberto Chávez
|
0-0: Fly out, F8 (Flyball, 8LS)
|
Batting: RHB Randy Simons
|
0-0: Ball Balk! Michael Skinner to third 1-0: Foul Ball, location: 2F 1-1: Foul Ball, location: 2F 1-2: Ball 2-2: 2-RUN HOME RUN (Flyball, 7D), Distance : 367 ft
|
Batting: RHB Gabriel Villegas
|
0-0: Ball 1-0: Ball 2-0: Called Strike 2-1: Foul Ball, location: 2F 2-2: Foul Ball, location: 2F 2-2: Ball 3-2: Base on Balls
|
Batting: LHB Marvin Morris
|
0-0: Swinging Strike 0-1: Ball 1-1: Ball 2-1: Grounds into double play, 4-6-3 (Groundball, 4)
|
Top of the 2nd over - 2 run(s), 2 hit(s), 0 error(s), 0 left on base; Cincinnati 8 - Minnesota 1 |
BOTTOM OF THE 2ND |
Minnesota Death Stars batting - Pitching for Cincinnati Pride : RHP Jesús Martínez
|
Batting: RHB Leslie Penn
|
0-0: Foul Ball, location: 2F 0-1: Foul Ball, location: 2F 0-2: Foul Ball, location: 2F 0-2: Foul Ball, location: 2F 0-2: Fly out, F6 (Popup, 6D)
|
Batting: RHB John Brown
|
0-0: Swinging Strike 0-1: Ball 1-1: Ball 2-1: DOUBLE (Flyball, 78D)
|
Batting: RHB José Pérez
|
0-0: Called Strike 0-1: Swinging Strike 0-2: Strikes out swinging
|
Batting: RHB Peter Dixon
|
0-0: Ball 1-0: SINGLE (Groundball, 4M) John Brown to third Runner from 3rd tries for Home, SAFE, no throw or cutoff
|
Batting: LHB Chris Loudermilk
|
0-0: Called Strike 0-1: Foul Ball, location: 2F 0-2: Ball 1-2: Ball 2-2: Foul Ball, location: 2F 2-2: Foul Ball, location: 2F 2-2: Ball Peter Dixon steals 2nd base 3-2: Base on Balls
|
Batting: RHB Herb Ashley
|
0-0: Called Strike 0-1: Swinging Strike 0-2: Strikes out swinging
|
Bottom of the 2nd over - 1 run(s), 2 hit(s), 0 error(s), 2 left on base; Cincinnati 8 - Minnesota 2 |
TOP OF THE 3RD |
Cincinnati Pride batting - Pitching for Minnesota Death Stars : RHP Ángel Uribe
|
Batting: RHB Wilson Flores
|
0-0: SINGLE (Flyball, 8LS)
|
Batting: RHB Norris Howard
|
0-0: Swinging Strike 0-1: Swinging Strike 0-2: Ball 1-2: Ball Wild Pitch! Wilson Flores to second 2-2: Ball 3-2: Strikes out swinging
|
Batting: RHB Larry Booth
|
0-0: Foul Ball, location: 2F 0-1: Foul Ball, location: 2F 0-2: SINGLE (Flyball, 3D) Wilson Flores to third
|
Batting: SHB Rafael Villa
|
0-0: Ball 1-0: DOUBLE (Groundball, 5L) Wilson Flores scores Larry Booth to third
|
Pitching: LHP Ignacio Méndez
|
|
Batting: RHB Michael Skinner
|
0-0: Foul Ball, location: 2F 0-1: Hit by Pitch
|
Batting: RHB Roberto Chávez
|
0-0: Called Strike 0-1: Ball 1-1: Foul Ball, location: 2F 1-2: Strikes out swinging
|
Batting: RHB Randy Simons
|
0-0: Called Strike 0-1: Ball 1-1: Fly out, F6 (Popup, 56D)
|
Top of the 3rd over - 1 run(s), 3 hit(s), 0 error(s), 3 left on base; Cincinnati 9 - Minnesota 2 |
BOTTOM OF THE 3RD |
Minnesota Death Stars batting - Pitching for Cincinnati Pride : RHP Jesús Martínez
|
Batting: RHB Jorge Martínez
|
0-0: Swinging Strike 0-1: Ball 1-1: Fly out, F9 (Flyball, 9M)
|
Batting: LHB Sixto Cortés
|
0-0: Called Strike 0-1: Ball 1-1: Foul Ball, location: 2F 1-2: Foul Ball, location: 2F 1-2: Strikes out looking
|
Batting: LHB Lucas Coleman
|
0-0: Ball 1-0: Foul Ball, location: 2F 1-1: Swinging Strike 1-2: Strikes out looking
|
Bottom of the 3rd over - 0 run(s), 0 hit(s), 0 error(s), 0 left on base; Cincinnati 9 - Minnesota 2 |
TOP OF THE 4TH |
Cincinnati Pride batting - Pitching for Minnesota Death Stars : LHP Ignacio Méndez
|
Batting: RHB Gabriel Villegas
|
0-0: Ball 1-0: Ball 2-0: Ball 3-0: Base on Balls
|
Batting: LHB Marvin Morris
|
0-0: Called Strike 0-1: Swinging Strike 0-2: Strikes out swinging
|
Batting: RHB Wilson Flores
|
0-0: Called Strike 0-1: Ball 1-1: Ball 2-1: Foul Ball, location: 2F 2-2: Foul Ball, location: 2F 2-2: Strikes out swinging
|
Batting: RHB Norris Howard
|
0-0: Called Strike 0-1: Ball 1-1: SINGLE (Flyball, 56D) Gabriel Villegas to second
|
Batting: RHB Larry Booth
|
0-0: Called Strike 0-1: Ball 1-1: Foul Ball, location: 2F 1-2: Fly out, F9 (Flyball, 9LS)
|
Top of the 4th over - 0 run(s), 1 hit(s), 0 error(s), 2 left on base; Cincinnati 9 - Minnesota 2 |
BOTTOM OF THE 4TH |
Minnesota Death Stars batting - Pitching for Cincinnati Pride : RHP Jesús Martínez
|
Batting: RHB Leslie Penn
|
0-0: Ball 1-0: Ball 2-0: Ball 3-0: Base on Balls
|
Batting: RHB John Brown
|
0-0: Foul Ball, location: 2F 0-1: Swinging Strike 0-2: Strikes out looking
|
Batting: RHB José Pérez
|
0-0: Foul Ball, location: 2F 0-1: SINGLE (Groundball, 56D) Leslie Penn to second
|
Batting: RHB Peter Dixon
|
0-0: Foul Ball, location: 2F 0-1: Ball 1-1: Fielders Choice at 2nd, 4-6 (Groundball, 34) Leslie Penn to third
|
Batting: LHB Chris Loudermilk
|
0-0: SINGLE (Line Drive, 56D) Leslie Penn scores Peter Dixon to second
|
Batting: RHB Herb Ashley
|
0-0: Called Strike 0-1: Ball 1-1: Ball 2-1: Foul Ball, location: 2F 2-2: Fly out, F2 (Popup, 2RF)
|
Bottom of the 4th over - 1 run(s), 2 hit(s), 0 error(s), 2 left on base; Cincinnati 9 - Minnesota 3 |
TOP OF THE 5TH |
Cincinnati Pride batting - Pitching for Minnesota Death Stars : LHP Ignacio Méndez
|
Batting: SHB Rafael Villa
|
0-0: Ball 1-0: Ground out 6-3 (Groundball, 6)
|
Batting: RHB Michael Skinner
|
0-0: Ball 1-0: Foul Ball, location: 2F 1-1: Fly out, F7 (Line Drive, 78M)
|
Batting: RHB Roberto Chávez
|
0-0: Fly out, F9 (Flyball, 9M)
|
Top of the 5th over - 0 run(s), 0 hit(s), 0 error(s), 0 left on base; Cincinnati 9 - Minnesota 3 |
BOTTOM OF THE 5TH |
Minnesota Death Stars batting - Pitching for Cincinnati Pride : RHP Jesús Martínez
|
Batting: RHB Jorge Martínez
|
0-0: Swinging Strike 0-1: Ground out 4-3 (Groundball, 4)
|
Batting: LHB Sixto Cortés
|
0-0: Fly out, F3 (Popup, 3F)
|
Batting: LHB Lucas Coleman
|
0-0: DOUBLE (Line Drive, 9LS)
|
Pitching: RHP Darrell Stanley
|
|
Batting: RHB Leslie Penn
|
0-0: Ball 1-0: Ground out 6-3 (Groundball, 6M)
|
Bottom of the 5th over - 0 run(s), 1 hit(s), 0 error(s), 1 left on base; Cincinnati 9 - Minnesota 3 |
TOP OF THE 6TH |
Cincinnati Pride batting - Pitching for Minnesota Death Stars : LHP Ignacio Méndez
|
Batting: RHB Randy Simons
|
0-0: Ground out 4-3 (Groundball, 4)
|
Batting: RHB Gabriel Villegas
|
0-0: Ball 1-0: Ball 2-0: Foul Ball, location: 2F 2-1: Called Strike 2-2: Strikes out swinging
|
Batting: LHB Marvin Morris
|
0-0: Called Strike 0-1: Ball 1-1: Foul Ball, location: 2F 1-2: SINGLE (Groundball, 15) (infield hit)
|
Batting: RHB Wilson Flores
|
0-0: Called Strike 0-1: Called Strike 0-2: Strikes out swinging
|
Top of the 6th over - 0 run(s), 1 hit(s), 0 error(s), 1 left on base; Cincinnati 9 - Minnesota 3 |
BOTTOM OF THE 6TH |
Minnesota Death Stars batting - Pitching for Cincinnati Pride : RHP Darrell Stanley
|
Batting: RHB John Brown
|
0-0: Called Strike 0-1: Bunted foul 0-2: Foul Ball, location: 2F 0-2: DOUBLE (Line Drive, 9LS)
|
Batting: RHB José Pérez
|
0-0: Ball 1-0: Ball 2-0: Called Strike 2-1: Ball 3-1: Base on Balls
|
Batting: RHB Peter Dixon
|
0-0: SINGLE (Line Drive, 8LS) John Brown to third José Pérez to second Runner from 3rd tries for Home, SAFE, throw made home José Pérez to third Peter Dixon to second
|
Batting: LHB Chris Loudermilk
|
0-0: Called Strike 0-1: Ground out 4-3 (Groundball, 4) José Pérez scores Peter Dixon to third
|
Batting: RHB Herb Ashley
|
0-0: Called Strike 0-1: Ball 1-1: Ball 2-1: SINGLE (Flyball, 6MD) Peter Dixon scores
|
Pitching: LHP Halewijn Tipping
|
|
Batting: RHB Jorge Martínez
|
0-0: Foul Ball, location: 2F 0-1: Ball 1-1: Fly out, F3 (Popup, 34S)
|
Batting: LHB Sixto Cortés
|
0-0: Called Strike 0-1: Ball 1-1: Ground out 4-3 (Groundball, 4)
|
Bottom of the 6th over - 3 run(s), 3 hit(s), 0 error(s), 1 left on base; Cincinnati 9 - Minnesota 6 |
TOP OF THE 7TH |
Cincinnati Pride batting - Pitching for Minnesota Death Stars : LHP Ignacio Méndez
|
Pitching: RHP Howard Jewel
|
|
Batting: RHB Norris Howard
|
0-0: Ball 1-0: Swinging Strike 1-1: Swinging Strike 1-2: Strikes out swinging
|
Batting: RHB Larry Booth
|
0-0: Ball 1-0: Ball 2-0: Foul Ball, location: 2F 2-1: Ground out 6-3 (Groundball, 56)
|
Batting: SHB Rafael Villa
|
0-0: Ball 1-0: Ball 2-0: Ball 3-0: Base on Balls
|
Batting: RHB Michael Skinner
|
0-0: Ball 1-0: Called Strike 1-1: Foul Ball, location: 2F 1-2: Ball 2-2: Strikes out swinging
|
Top of the 7th over - 0 run(s), 0 hit(s), 0 error(s), 1 left on base; Cincinnati 9 - Minnesota 6 |
BOTTOM OF THE 7TH |
Minnesota Death Stars batting - Pitching for Cincinnati Pride : LHP Halewijn Tipping
|
Batting: LHB Lucas Coleman
|
0-0: Swinging Strike 0-1: Foul Ball, location: 2F 0-2: Ball 1-2: Strikes out swinging
|
Batting: RHB Leslie Penn
|
0-0: Called Strike 0-1: Ball 1-1: Ball 2-1: Ball 3-1: Base on Balls
|
Batting: RHB John Brown
|
0-0: Ball 1-0: Ball 2-0: Called Strike Leslie Penn steals 2nd base 2-1: Called Strike 2-2: Strikes out swinging
|
Batting: RHB José Pérez
|
0-0: Foul Ball, location: 2F 0-1: Called Strike 0-2: Ball 1-2: Ball 2-2: Ball 3-2: Base on Balls
|
Batting: RHB Peter Dixon
|
0-0: Fly out, F3 (Popup, 3F)
|
Bottom of the 7th over - 0 run(s), 0 hit(s), 0 error(s), 2 left on base; Cincinnati 9 - Minnesota 6 |
TOP OF THE 8TH |
Cincinnati Pride batting - Pitching for Minnesota Death Stars : RHP Howard Jewel
|
Batting: RHB Roberto Chávez
|
0-0: Ball 1-0: Foul Ball, location: 2F 1-1: Swinging Strike 1-2: Ball 2-2: Strikes out looking
|
Batting: RHB Randy Simons
|
0-0: Foul Ball, location: 2F 0-1: DOUBLE (Line Drive, 7D)
|
Batting: RHB Gabriel Villegas
|
0-0: Intentional Walk
|
Batting: LHB Marvin Morris
|
0-0: Called Strike Randy Simons is caught stealing 3rd base Gabriel Villegas to second 0-1: Foul Ball, location: 2F 0-2: Strikes out swinging
|
Top of the 8th over - 0 run(s), 1 hit(s), 0 error(s), 1 left on base; Cincinnati 9 - Minnesota 6 |
BOTTOM OF THE 8TH |
Minnesota Death Stars batting - Pitching for Cincinnati Pride : LHP Halewijn Tipping
|
Batting: LHB Chris Loudermilk
|
0-0: Foul Ball, location: 2F 0-1: Ball 1-1: Ball 2-1: Ball 3-1: Base on Balls
|
Pitching: RHP Jesús Andrade
|
|
Batting: RHB Herb Ashley
|
0-0: Swinging Strike 0-1: Swinging Strike 0-2: Ball 1-2: Strikes out looking
|
Batting: RHB Jorge Martínez
|
0-0: Ball 1-0: Fly out, F8 (Flyball, 8RM)
|
Batting: LHB Sixto Cortés
|
0-0: Called Strike 0-1: Ball 1-1: Foul Ball, location: 2F 1-2: Ball 2-2: Foul Ball, location: 2F 2-2: Foul Ball, location: 2F 2-2: Ground out 4-3 (Groundball, 13)
|
Bottom of the 8th over - 0 run(s), 0 hit(s), 0 error(s), 1 left on base; Cincinnati 9 - Minnesota 6 |
TOP OF THE 9TH |
Cincinnati Pride batting - Pitching for Minnesota Death Stars : RHP Howard Jewel
|
Pitching: RHP Gerardo García
|
|
Batting: RHB Wilson Flores
|
0-0: Called Strike 0-1: Ball 1-1: Reached on error, E6 (Groundball, 6)
|
Batting: RHB Norris Howard
|
0-0: Ball Throwing error on steal attempt, E2 Wilson Flores to third 1-0: Called Strike 1-1: Swinging Strike 1-2: Foul Ball, location: 2F 1-2: Strikes out swinging
|
Pitching: RHP Dylan Versluis
|
|
Batting: RHB Larry Booth
|
0-0: Swinging Strike 0-1: Ball 1-1: Fly out, F5 (Line Drive, 5S)
|
Batting: SHB Rafael Villa
|
0-0: SINGLE (Line Drive, 4MD) Wilson Flores scores
|
Batting: RHB Michael Skinner
|
0-0: Foul Ball, location: 2F 0-1: Swinging Strike 0-2: Ball 1-2: Strikes out swinging passed ball, reaches first! Rafael Villa to second
|
Batting: RHB Roberto Chávez
|
0-0: Ball 1-0: Ground out 4-3 (Groundball, 13)
|
Top of the 9th over - 1 run(s), 1 hit(s), 2 error(s), 2 left on base; Cincinnati 10 - Minnesota 6 |
BOTTOM OF THE 9TH |
Minnesota Death Stars batting - Pitching for Cincinnati Pride : RHP Jesús Andrade
|
Batting: LHB Lucas Coleman
|
0-0: Ball 1-0: Foul Ball, location: 2F 1-1: Ball 2-1: Called Strike 2-2: Strikes out swinging
|
Batting: RHB Leslie Penn
|
0-0: Ball 1-0: SINGLE (Flyball, 7S)
|
Batting: RHB John Brown
|
0-0: Foul Ball, location: 2F 0-1: Swinging Strike 0-2: Ball 1-2: Ball 2-2: Foul Ball, location: 2F 2-2: Strikes out swinging
|
Batting: RHB José Pérez
|
0-0: SINGLE (Groundball, 6MD) Leslie Penn to second
|
Pitching: RHP Eusébio Lagarto
|
|
Batting: RHB Peter Dixon
|
0-0: Ball 1-0: Foul Ball, location: 2F 1-1: Called Strike 1-2: Strikes out swinging
|
Bottom of the 9th over - 0 run(s), 2 hit(s), 0 error(s), 2 left on base; Cincinnati 10 - Minnesota 6 |
|